 Dungeon Crawl Stone Soup version 0.32-a0-876-gcfddb08e57 (webtiles) character file.

Game seed: 15656351220125462595

12647 ezpacito the Trooper (level 11, -1/86 HPs)
             Began as a Coglin Chaos Knight on Mar 31, 2024.
             Was a Plaything of Xom.
             Slain by a titanic slime creature (87 damage)
             ... on level 12 of the Dungeon.
             The game lasted 00:19:23 (11334 turns).

ezpacito the Trooper (Coglin Chaos Knight)         Turns: 11334, Time: 00:19:24

Health: -1/86      AC: 17    Str: 18    XL:     11   Next: 96%
Magic:  4/4        EV: 12    Int: 11    God:    Xom [......]
Gold:   1726       SH:  0    Dex: 18    Spells: 0/17 levels left

rFire   + . .        m - +5 war axe (antimagic) {Zhen}
rCold   . . .        G - +5 trident (flame) {Ming}
rNeg    . . .        k - +2 scale mail {rPois}
rPois   +            (helmet restricted)
rElec   .            (no cloak)
rCorr   .            s - +0 pair of gloves {Dex+3}
SInv    .            (no boots)
Will    .....        (amulet unavailable)
Stlth   +++          (ring unavailable)
HPRegen 0.34/turn    (ring unavailable)
MPRegen 0.09/turn    (no gizmo)

%: no passive effects
@: studying Throwing, revved
A: off-hand wielding, slow wielding, warmup strikes, no jewellery, antennae 1,
iridescent scales 3, thin skeletal structure 1, fire resistance 1, low MP 1,
inability to read after injury 1
a: Invent Gizmo, Renounce Religion


You were on level 12 of the Dungeon.
You worshipped Xom.
You were a very special plaything of Xom.
You visited 2 branches of the dungeon, and saw 13 of its levels.
You also visited: Bailey.

You collected 1726 gold pieces.

Inventory:

Hand Weapons
 a - a +0 hand axe of chaos {Publia}
 m - a +5 antimagic war axe (weapon) {Zhen}
 p - a +0 hand axe of flaming
 A - a +2 hand axe of freezing
 G - a +5 trident of flaming (offhand) {Ming}
Missiles
 l - 39 poisoned darts
 r - 24 curare-tipped darts (quivered)
 D - 6 silver javelins
 F - 19 boomerangs
 H - 4 datura-tipped darts
 I - 6 atropa-tipped darts
Armour
 k - a +2 scale mail of poison resistance (worn)
 s - a +0 pair of gloves of dexterity (worn)
 v - a +0 plate armour
 w - a +0 helmet
Magical Staves
 J - a staff of cold
Talismans
 f - a storm talisman
 E - a serpent talisman
Wands
 y - a wand of mindburst (2)
Scrolls
 b - a scroll of vulnerability
 c - 2 scrolls of amnesia
 e - a scroll of immolation
 g - 2 scrolls of fear
 i - 3 scrolls of identify
 t - 2 scrolls of teleportation
 B - a scroll of blinking
 C - a scroll of silence
 L - a scroll of revelation
Potions
 j - 4 potions of enlightenment
 n - 3 potions of mutation
 o - a potion of cancellation
 q - 2 potions of brilliance
 z - a potion of lignification
Miscellaneous
 K - a Gell's gravitambourine (inert)


   Skills:
 * Level 7.8 Fighting
 * Level 7.8(9.0) Axes
 * Level 6.4(7.9) Polearms
 + Level 2.1 Throwing
 * Level 6.7 Armour
 * Level 6.3 Dodging
 - Level 4.2 Stealth
 + Level 3.7 Spellcasting
 + Level 3.7 Necromancy
 + Level 4.4 Alchemy
 + Level 5.6 Evocations


You couldn't memorise any spells.
You knew the following spells:

 Your Spells              Type           Power      Damage    Failure   Level
a - Dispel Undead         Necr           10%        3d9       82%         4
b - Eringya's Noxious Bo  Alch           5%         4d6       100%        6
c - Sting                 Conj/Alch      24%        1d4       26%         1
d - Mercury Vapours       Alch/Air       12%        N/A       38%         2
A - Animate Dead          Necr           10%        N/A       82%         4

Your spell library contained the following spells:

 Spells                   Type           Power      Damage    Failure   Level
 Kiss of Death            Conj/Necr      24%        2d7       32%         1
 Jinxbite                 Hex            4%         N/A       71%         2
 Olgreb's Toxic Radiance  Alch           11%        N/A       71%         4
 Confusing Touch          Hex            2%         N/A       90%         3
 Leda's Liquefaction      Alch/Erth      3%         N/A       95%         4
 Lee's Rapid Deconstruct  Erth           1%         3d4*      100%        5
 Summon Forest            Summ/Tloc      1%         N/A       100%        5
 Yara's Violent Unravell  Hex/Alch       3%         3d4       100%        5
 Permafrost Eruption      Ice/Erth       1%         2x4d1     100%        6
 Enfeeble                 Hex            1%         N/A       100%        7
 Haunt                    Necr/Summ      3%         N/A       100%        7
 Summon Hydra             Summ           1%         N/A       100%        7
 Infestation              Necr           5%         N/A       100%        8


Dungeon Overview and Level Annotations

Branches:
Dungeon (12/15)            Temple (1/1) D:7            Lair (0/5) D:9
    Orc (0/2) D:10         Bailey (visited)

Altars:
Ashenzari
Cheibriados
Dithmenos
Elyvilon
Fedhas
Gozag
Hepliaklqana
Kikubaaqudgha
Makhleb
Nemelex Xobeh
Okawaru
Qazlal
Ru
Sif Muna
Trog
Uskayaw
Vehumet
Wu Jian
Xom
Yredelemnul
Zin
The Shining One

Shops:
D:7 [   D:8 (


Innate Abilities, Weirdness & Mutations

You can wield a second weapon in your off-hand.
It takes a long time for you to wield or remove held weapons.
Your first few attacks do less damage.
You cannot equip rings or amulets.
You have a pair of small antennae on your head.
You are completely covered in iridescent scales. (AC +6)
You have a somewhat thin skeletal structure. (Dex +2, Stealth+)
Your flesh is heat resistant. (rF+)
Your magical capacity is low. (-10% MP)
You occasionally lose the ability to read scrolls when taking damage.


Message History

You rattle the tambourine.
Waves of gravity draw inward.
The orc wizard is pinned by gravity.
You kill the orc wizard!
The titanic slime creature is pinned by gravity.
Aiming: Fastroot
Press: ? - help, Shift-Dir - straight line, f - you The roots erupt in riotous growth!
The now-empty wand crumbles to dust.
Aiming: Mindburst
Press: ? - help, Shift-Dir - straight line, f - you
Okay, then.
The titanic slime creature barely misses you.
Items here: )) [[ †.
You hit the titanic slime creature with your +5 antimagic war axe.
The titanic slime creature is lightly wounded.
You puncture the titanic slime creature with your +5 trident of flaming!
You burn the titanic slime creature.
The titanic slime creature closely misses you.
You slash the titanic slime creature with your +5 antimagic war axe!
The titanic slime creature is lightly wounded.
You puncture the titanic slime creature with your +5 trident of flaming!
You burn the titanic slime creature.
The titanic slime creature hits you but does no damage.
A gargoyle comes into view. It is wielding a +0 morningstar.
You hit the titanic slime creature with your +5 antimagic war axe.
The titanic slime creature is moderately wounded.
You puncture the titanic slime creature with your +5 trident of flaming!
You burn the titanic slime creature. The titanic slime creature misses you.
You puncture the titanic slime creature with your +5 trident of flaming!
You burn the titanic slime creature.
The titanic slime creature is moderately wounded.
You slash the titanic slime creature with your +5 antimagic war axe!
The titanic slime creature barely misses you.
You puncture the titanic slime creature with your +5 trident of flaming!
You burn the titanic slime creature.
The titanic slime creature is moderately wounded.
You completely miss the titanic slime creature with your +5 antimagic war axe.
The titanic slime creature hits you!!!!
Ouch! That really hurt!
You die...
Xom bursts into laughter!

***,,,,,,,** ***********,**
,,,,,,,,,..#********,,,,,,,,,,,**
***,,,,,,....,,,,,,*,********,,,,
*******#..#*****,*,* *,*** #..#
*,*,* ******,* * ######..# *,*,*
*,,,,,,* * #.......#
*,#,**#,********
#.......######.#.9..,,,,,,,,,
#........)..@J.....#,,,,,,,,*
#.......######.#...#******,**
#..........# *,#,,,# **,**
#..........# *,***,* *,,,,
#####....##....#**,***,******,,**
......................,,,,,,,,,,,
...##....###...#######*******,,,,
..,*#....# #...# *,,,* <,,*#....#
##### *,,**


You could see a titanic slime creature and a gargoyle.

Vanquished Creatures
  A yaktaur captain (D:10)
  Fannar (D:12)
  The ghost of Biggs the Skirmisher, a journeyman CoHu of Okawaru (D:11)
  2 boulder beetles
  An ugly thing (D:10)
  The ghost of Biggs the Skirmisher, a novice CoHu of Okawaru (D:6)
  2 manticores (D:11)
  An unseen horror (D:11)
  A kobold demonologist (D:11)
  An efreet (D:10)
  A komodo dragon (D:9)
  2 trolls
  2 hornets
  A polar bear (shapeshifter) (D:10)
  A slime creature (D:12)
  A shadow (D:11)
  3 wyverns
  2 steam dragons (D:8)
  Edmund (D:4)
  A swamp worm (shapeshifter) (D:10)
  2 acid dragons
  A water moccasin (D:9)
  A black bear (D:5)
  A sky beast (D:10)
  7 orc warriors
  2 ogres
  3 centaurs
  A phantom (D:4)
  9 kobold brigands
  5 bullfrogs
  3 scorpions
  A gnoll sergeant (D:7)
  8 wights
  7 killer bees
  2 bombardier beetles
  7 hounds
  8 orc priests
  5 iguanas
  2 sleepcaps (D:8)
  12 orc wizards
  2 killer bee zombies (D:6)
  2 adders
  21 gnolls
  6 ufetubi
  2 dart slugs
  4 ribbon worms
  46 orcs
  2 ball pythons
  5 endoplasms
  2 giant cockroaches
  9 goblins
  9 hobgoblins
  2 jackals (D:3)
  A quokka (D:4)
  4 bats
  4 frilled lizards
  25 kobolds
  3 rats
  A butterfly (D:7)
264 creatures vanquished.

Notes
Turn   | Place    | Note
-------+----------+-------------------------------------------
     0 | D:1      | ezpacito the Coglin Chaos Knight began the quest for the
                  | Orb.
     0 | D:1      | Reached XP level 1. HP: 18/18 MP: 1/1
     6 | D:1      | XOM: silly message
    50 | D:1      | Reached skill level 1 in Dodging
   218 | D:1      | Reached XP level 2. HP: 24/24 MP: 2/2
   239 | D:1      | XOM: silly message
   574 | D:1      | XOM: noise
   678 | D:1      | XOM: silly message
   833 | D:2      | XOM: stealth player
   890 | D:2      | Reached XP level 3. HP: 27/29 MP: 3/3
   935 | D:2      | Reached skill level 1 in Polearms
   970 | D:2      | XOM: noise
  1130 | D:2      | XOM: silly message
  1222 | D:2      | XOM: silly message
  1397 | D:2      | XOM: silly message
  1492 | D:2      | XOM: divination: magic mapping
  1788 | D:3      | Found an opulent altar of Gozag.
  1822 | D:3      | Noticed a scorpion
  1833 | D:3      | Killed a scorpion
  1834 | D:3      | Reached skill level 1 in Stealth
  1834 | D:3      | Reached XP level 4. HP: 24/35 MP: 4/4
  2019 | D:3      | XOM: cast spell 'Summon Ice Beast'
  2023 | D:3      | Reached XP level 5. HP: 17/41 MP: 5/5
  2061 | D:3      | Found a hide-covered altar of Uskayaw.
  2168 | D:3      | XOM: cloud trail
  2375 | D:3      | XOM: give mutations
  2375 | D:3      | Gained mutation: You are vulnerable to heat. (rF-) [Xom's
                  | mischief]
  2375 | D:3      | Gained mutation: You have a somewhat thin skeletal
                  | structure. (Dex +2, Stealth+) [Xom's mischief]
  2375 | D:3      | Lost mutation: You are vulnerable to heat. (rF-) [Xom's
                  | mischief]
  2375 | D:3      | Gained mutation: You occasionally shout uncontrollably at
                  | your foes. [Xom's mischief]
  2528 | D:4      | Reached XP level 6. HP: 38/48 MP: 7/7
  2549 | D:4      | XOM: god gift: +0 pair of gloves of dexterity
  2657 | D:4      | Reached skill level 1 in Spellcasting
  2816 | D:4      | XOM: god gift: 39 gold pieces
  2857 | D:4      | Found an iron altar of Okawaru.
  2878 | D:4      | Noticed Edmund
  2882 | D:4      | XOM: butterfly on damage
  2898 | D:4      | Killed Edmund
  2899 | D:4      | Reached skill level 1 in Evocations
  3198 | D:4      | Reached XP level 7. HP: 47/54 MP: 8/8
  3418 | D:4      | XOM: god gift: 4 stones
  3647 | D:4      | XOM: summons 4 friendly demons
  3827 | D:4      | XOM: give mutation
  3827 | D:4      | Gained mutation: You are partially covered in iridescent
                  | scales. (AC +2) [Xom's grace]
  3830 | D:4      | XOM: give mutations
  3830 | D:4      | Gained mutation: You have hidden genetic potential. [Xom's
                  | grace]
  3830 | D:4      | Gained mutation: You are mostly covered in iridescent
                  | scales. (AC +4) [Xom's grace]
  3830 | D:4      | Gained mutation: You are completely covered in iridescent
                  | scales. (AC +6) [Xom's grace]
  3891 | D:4      | XOM: scenery: 2 doors open
  3969 | D:5      | Entered Level 5 of the Dungeon
  4026 | D:5      | XOM: silly message
  4029 | D:5      | Reached XP level 8. HP: 23/61 MP: 2/10
  4075 | D:5      | Learned a level 4 spell: Dispel Undead
  4082 | D:5      | Learned a level 6 spell: Eringya's Noxious Bog
  4439 | D:5      | Gained mutation: Your flesh is heat resistant. (rF+)
                  | [hidden potential]
  4482 | D:5      | XOM: butterfly on damage
  4482 | D:5      | XOM: smoke on damage
  4484 | D:5      | Reached skill level 5 in Fighting
  4499 | D:5      | XOM: silly message
  4961 | D:5      | XOM: summons 4 hostile demons
  5053 | D:6      | Found a runed translucent gate.
  5053 | D:6      | Found a runed translucent gate.
  5053 | D:6      | Found a runed translucent gate.
  5053 | D:6      | Noticed Biggs's ghost (novice CoHu)
  5055 | D:6      | Found a basalt altar of Yredelemnul.
  5126 | D:6      | Found a hazy altar of Hepliaklqana.
  5134 | D:6      | Reached skill level 1 in Alchemy
  5139 | D:6      | Reached skill level 5 in Axes
  5144 | D:6      | Reached skill level 1 in Necromancy
  5183 | D:6      | XOM: summons friendly iron imp
  5187 | D:6      | Reached XP level 9. HP: 44/68 MP: 4/12
  5382 | D:6      | XOM: draining
  5432 | D:6      | XOM: give mutations
  5432 | D:6      | Lost mutation: You occasionally shout uncontrollably at
                  | your foes. [Xom's mischief]
  5432 | D:6      | Gained mutation: Your magical capacity is low. (-10% MP)
                  | [Xom's mischief]
  5432 | D:6      | Gained mutation: You occasionally lose the ability to read
                  | scrolls when taking damage. [Xom's mischief]
  5566 | D:6      | XOM: 3-stop teleportation journey
  5613 | D:6      | Found a stormy altar of Qazlal.
  5616 | D:6      | Found a white marble altar of Elyvilon.
  5872 | D:6      | XOM: summons 1 hostile demon
  5899 | D:6      | Killed Biggs's ghost
  5907 | D:6      | Gained mutation: You have a pair of small antennae on your
                  | head. [hidden potential]
  5907 | D:6      | Lost mutation: You have hidden genetic potential. [hidden
                  | potential expressed]
  6171 | D:7      | Found a staircase to the Ecumenical Temple.
  6200 | Temple   | Entered the Ecumenical Temple
  6491 | D:7      | Found Parer's Antique Armour Boutique.
  6675 | D:7      | XOM: blink monster(s)
  6930 | D:8      | Found a shadowy altar of Dithmenos.
  6967 | D:8      | XOM: cast spell 'Olgreb's Toxic Radiance'
  7112 | D:8      | Reached skill level 5 in Armour
  7181 | D:8      | XOM: silly message
  7274 | D:8      | Reached XP level 10. HP: 76/76 MP: 4/12
  7399 | D:8      | Found Dek Paa's Antique Weapon Boutique.
  7493 | D:8      | Noticed a boulder beetle
  7509 | D:8      | XOM: butterfly on damage
  7510 | D:8      | XOM: summons friendly quasit
  7510 | D:8      | HP: 2/76 [boulder beetle (9)]
  7530 | D:8      | Killed a boulder beetle
  7531 | D:8      | Reached skill level 5 in Polearms
  7531 | D:8      | Reached skill level 5 in Dodging
  8164 | D:9      | XOM: god gift: 11 gold pieces
  8218 | D:9      | XOM: 1-stop teleportation journey
  8244 | D:9      | Found a sparkling altar of Nemelex Xobeh.
  8404 | D:9      | XOM: potion effect (brilliance)
  8461 | D:9      | Learned a level 4 spell: Animate Dead
  8654 | D:9      | Found a glowing silver altar of Zin.
  8994 | D:9      | XOM: noise
  9006 | D:9      | Found a staircase to the Lair.
  9015 | D:9      | XOM: confuse monster(s)
  9020 | D:9      | XOM: potion effect (might)
  9121 | D:9      | Found a radiant altar of Vehumet.
  9195 | D:10     | Entered Level 10 of the Dungeon
  9306 | D:10     | Found a shimmering blue altar of Sif Muna.
  9318 | D:10     | XOM: polymorph something unseen -> sky beast
  9329 | D:10     | Found a glowing golden altar of the Shining One.
  9355 | D:10     | Found a runed translucent door.
  9356 | D:10     | Noticed a yaktaur captain
  9400 | D:10     | Found a flagged portal.
  9494 | Bailey   | Entered a bailey
  9561 | Bailey   | Reached XP level 11. HP: 84/84 MP: 4/14
  9666 | Bailey   | XOM: polymorph orc warrior -> kobold
  9688 | Bailey   | Found a burning altar of Makhleb.
  9710 | Bailey   | Identified the ring "Niptagra" {+Blink rPois rF+}
  9764 | D:10     | Found a staircase to the Orcish Mines.
  9871 | D:10     | Found a snail-covered altar of Cheibriados.
  9962 | D:10     | XOM: confusion (+ monsters)
  9972 | D:10     | Killed a yaktaur captain
  9973 | D:10     | Reached skill level 5 in Evocations
 10152 | D:10     | Noticed a green ugly thing
 10152 | D:10     | Noticed a wolf spider
 10153 | D:10     | XOM: confuse monster(s)
 10154 | D:10     | a wolf spider changed into a shapeshifter
 10154 | D:10     | XOM: polymorph wolf spider -> shapeshifter
 10154 | D:10     | Noticed a boulder beetle
 10159 | D:10     | Killed a green ugly thing
 10168 | D:10     | Killed a boulder beetle
 10582 | D:11     | Noticed a manticore
 10594 | D:11     | Killed a manticore
 10595 | D:11     | Reached skill level 1 in Throwing
 10879 | D:11     | Noticed a manticore
 10887 | D:11     | Killed a manticore
 10975 | D:11     | XOM is BORED!
 11042 | D:11     | Found a runed translucent door.
 11044 | D:11     | Noticed Biggs's ghost (journeyman CoHu)
 11173 | D:11     | XOM: enchant monster (good)
 11175 | D:11     | Killed Biggs's ghost
 11186 | D:11     | Learned a level 1 spell: Sting
 11189 | D:11     | Learned a level 2 spell: Mercury Vapours
 11215 | D:12     | Noticed Fannar
 11226 | D:12     | Killed Fannar
 11272 | D:12     | XOM: confuse monster(s)
 11318 | D:12     | XOM: enchant monster (good)
 11334 | D:12     | Slain by a titanic slime creature

Illustrated notes

Levels and vault maps discovered:
D:1:      dpeg_arrival_brainrot, layout_basic, minmay_pentomino_v2
D:2:      layout_basic, corexii_shack, palyth_stone_intersect,
          kennysheep_generic_room_10
D:3:      layout_rooms, eat_drink_and_be_merry_uskayaw, grunt_gozag_statues,
          kennysheep_cluttered_room
D:4:      layout_basic, okawaru_altar_gauntlet_db, kennysheep_generic_room_13,
          uniq_edmund
D:5:      layout_loops_ring, serial_rivers, chequers_serial_rivers_large_a,
          chequers_serial_rivers_marsh, chequers_serial_rivers_room_a,
          chequers_serial_rivers_room_b, chequers_serial_rivers_small_b
D:6:      layout_loops_ring, nicolae_hepliaklqana_hazy_memory,
          nicolae_yredelemnul_ghost_church, nicolae_overflow_squiral
D:7:      layout_basic, minmay_temple_entry_butterflies, serial_shops,
          nicolae_stop_n_shop_2
D:8:      layout_cave_pods, grunt_dithmenos_smoke, serial_shops, shop,
          ebering_dispersal_statue_hall
D:9:      layout_roguey, nicolae_overflow_hidden_temple,
          nemelex_spade_bored_becter, mainiacjoe_overflow_alcove_2,
          david_lair_shrubbed
D:10:     layout_basic, mainiacjoe_overflow_chevrons, old_standard_altar,
          mainiacjoe_overflow_six_doors_small, enter_bailey_4,
          minmay_statues_item, minmay_misc_feat_ornament, minivault_13
D:11:     statuecave_lemuel, layout_irregular_city,
          ebering_ghost_reflecting_pool
D:12:     layout_basic, gauntlet_entry_generic, uniq_fannar
Temple:   hellmonk_temple_forest_ring

Skill      XL: |  1  2  3  4  5  6  7  8  9 10 11 |
---------------+----------------------------------+-----
Dodging        | 1 2 3 4 5 6 |  6.3
Armour         | 2 3 4 5 6 |  6.7
Polearms       | 1 2 3 4 5 6 |  6.4
Stealth        | 1 2 3 4 |  4.2
Spellcasting   | 1 2 3 |  3.7
Fighting       | 4 5 6 7 |  7.8
Axes           | 4 5 6 7 |  7.8
Evocations     | 1 2 3 4 5 |  5.6
Alchemy        | 1 2 3 4 |  4.4
Necromancy     | 1 2 3 |  3.7
Throwing       | 2 |  2.1

Action                     |  1- 3 |  4- 6 |  7- 9 | 10-12 || total
---------------------------+-------+-------+-------+-------++-------
  Melee: Hand axe          |    67 |    88 |    71 |       ||   226
         Dagger            |    26 |       |       |       ||    26
         Spear             |    52 |   107 |    61 |       ||   220
         Trident           |       |       |   160 |   205 ||   365
         War axe           |       |       |   106 |   182 ||   288
  Throw: Dart              |       |     4 |       |     5 ||     9
  Evoke: Wand              |       |     4 |     7 |    25 ||    36
         Gell's gravitambo |       |       |       |     2 ||     2
    Use: Potion            |     1 |     5 |     2 |     7 ||    15
         Scroll            |       |    13 |    11 |     8 ||    32
   Stab: Sleeping          |     3 |     5 |     9 |     4 ||    21
         Paralysed         |     1 |     4 |       |     3 ||     8
         Petrified         |       |     3 |       |     2 ||     5
         Petrifying        |       |     1 |       |       ||     1
         Confused          |       |       |     2 |     1 ||     3
         Held in net/web   |       |       |     1 |       ||     1
         Distracted        |       |       |     1 |       ||     1
         Invisible         |       |       |       |     1 ||     1
 Armour: Leather armour    |    42 |    48 |       |       ||    90
         Skin              |       |    11 |       |       ||    11
         Ring mail         |       |     9 |    39 |       ||    48
         Scale mail        |       |       |   130 |   177 ||   307
  Dodge: Dodged            |    32 |    54 |   110 |   151 ||   347

Table legend: (Time is in decaauts)
 A = Elapsed time spent in this place.
 B = Non-inter-level travel time spent in this place.
 C = Inter-level travel time spent in this place.
 D = Time resting spent in this place.
 E = Time spent auto-exploring this place.
 F = Levels seen in this place.
 G = Mean time per level.
                   A        B        C        D        E       F      G
               +--------+--------+--------+--------+--------+-----+--------+
         Total |  11396 |  10819 |    577 |    724 |   7912 |  14 |  814.0 |
       Dungeon |  11144 |  10568 |    576 |    692 |   7846 |  12 |  928.7 |
        Temple |      1 |      1 |      0 |      0 |      0 |   1 |    1.0 |
        Bailey |    250 |    250 |      0 |     32 |     65 |   1 |  250.0 |
               +--------+--------+--------+--------+--------+-----+--------+

Top non-repeatable levels by time:
     D:4: 1492 daAuts
     D:8: 1221 daAuts
     D:9: 1156 daAuts
     D:5: 1034 daAuts
     D:6: 988 daAuts
    D:10: 959 daAuts
     D:2: 932 daAuts
     D:7: 882 daAuts
     D:1: 834 daAuts
    D:11: 821 daAuts
     D:3: 700 daAuts
  Bailey: 250 daAuts
    D:12: 119 daAuts
  Temple: 1 daAuts
